 Dungeon Crawl Stone Soup version 0.31.0-11-ge490571c62 (webtiles) character file.

Game seed: 13657753884274273485

583 Ashen the Sneak (level 7, -3/51 HPs)
             Began as a Gnoll Enchanter on Feb 2, 2024.
             Was a Follower of Uskayaw.
             Slain by Pikel
             ... wielding a +0 whip of electrocution
              (8 damage)
             ... on level 5 of the Dungeon.
             The game lasted 00:11:05 (4225 turns).

Ashen the Sneak (Gnoll Enchanter)                   Turns: 4225, Time: 00:11:06

Health: -3/51      AC:  2    Str:  7    XL:     7   Next: 37%
Magic:  11/15      EV: 14    Int: 21    God:    Uskayaw [*.....]
Gold:   283        SH:  0    Dex: 14    Spells: 6/17 levels left

rFire   . . .        r - +2 short sword (vamp)
rCold   . . .        (no shield)
rNeg    . . .        b - +0 robe
rPois   .            (no helmet)
rElec   .            (no cloak)
rCorr   .            (no gloves)
SInv    .            (no boots)
Will    .....        (no amulet)
Stlth   +++          d - +6 ring of intelligence
HPRegen 0.28/turn    (no ring)
MPRegen 0.14/turn

%: no passive effects
@: invisible
A: fangs 1, strong nose, distributed training
a: Renounce Religion, Stomp


You were on level 5 of the Dungeon.
You worshipped Uskayaw.
Uskayaw was noncommittal.
You visited 2 branches of the dungeon, and saw 7 of its levels.

You collected 283 gold pieces.

Inventory:

Hand Weapons
 a - a +1 dagger
 r - a +2 vampiric short sword (weapon)
Armour
 b - a +0 robe (worn)
Jewellery
 d - a +6 ring of intelligence (left hand)
 j - a ring of fire
 u - a ring of protection from cold
Wands
 q - a wand of mindburst (10)
Scrolls
 l - a scroll of amnesia {unknown}
 n - a scroll of fog {unknown}
 o - 2 scrolls of identify {unknown}
 t - 3 scrolls of acquirement {unknown}
Potions
 c - a potion of invisibility
 e - a potion of berserk rage {unknown}
 f - a potion of degeneration {unknown}
 g - 4 potions of curing {unknown}
 h - 2 potions of brilliance {unknown}
 i - 3 potions of heal wounds {unknown}
 k - a potion of enlightenment {unknown}
 m - a potion of attraction {unknown}
 p - a potion of mutation {unknown}
 s - a potion of might {unknown}


   Skills:
 + Level 2.5 Fighting
 + Level 3.6 Short Blades
 + Level 2.5 Long Blades
 + Level 2.5 Axes
 + Level 2.5 Maces & Flails
 + Level 2.5 Polearms
 + Level 2.5 Staves
 + Level 2.5 Ranged Weapons
 + Level 2.5 Throwing
 + Level 2.5 Armour
 + Level 5.2 Dodging
 + Level 6.5 Stealth
 + Level 2.5 Shields
 + Level 2.5 Unarmed Combat
 + Level 5.6 Spellcasting
 + Level 2.0 Conjurations
 + Level 5.8 Hexes
 + Level 2.0 Summonings
 + Level 2.0 Necromancy
 + Level 2.0 Translocations
 + Level 2.0 Fire Magic
 + Level 2.0 Ice Magic
 + Level 2.0 Air Magic
 + Level 2.0 Earth Magic
 + Level 2.0 Alchemy
 + Level 2.8 Invocations
 + Level 2.5 Evocations
 + Level 2.3 Shapeshifting


You had 6 spell levels left.
You knew the following spells:

 Your Spells              Type           Power      Damage    Failure   Level
a - Confusing Touch       Hex            30%        N/A       2%          3
b - Ensorcelled Hibernat  Hex/Ice        44%        N/A       3%          2
c - Tukima's Dance        Hex            30%        N/A       2%          3
d - Dazzling Flash        Conj/Hex       44%        N/A       6%          3

Your spell library contained the following spells:

 Spells                   Type           Power      Damage    Failure   Level
 Slow                     Hex            100%       N/A       1%          1
 Sigil of Binding         Hex            30%        N/A       2%          3
 Vampiric Draining        Necr           14%        2d7       13%         3


Dungeon Overview and Level Annotations

Branches:
Dungeon (6/15)             Temple (1/1) D:4

Altars:
Dithmenos
Elyvilon
Gozag
Hepliaklqana
Kikubaaqudgha
Makhleb
Nemelex Xobeh
Okawaru
Qazlal
Ru
Uskayaw
Vehumet
Yredelemnul
Zin
The Shining One

Annotations:
D:4 1 exclusion
D:5 exclusion: jackal, Menkaure, Pikel


Innate Abilities, Weirdness & Mutations

You have very sharp teeth.
Your uncanny sense of smell can sniff out nearby items.
Your experience applies equally to all skills.


Message History

You hit the lemure.
The lemure is severely wounded.
The lemure completely misses you.
You can now pass through a line of other dancers.
Aiming: Line Pass
Press: ? - help, Dir - move target Pikel appears confused.
You can no longer pass through a line of other dancers.
The lemure misses you.
Unknown command.
You hit the lemure but do no damage. You bite the lemure, but do no damage.
Pikel hits the lemure with a +0 whip of electrocution.
Pikel hits himself but does no damage.
Lightning courses through Pikel! The lemure closely misses you.
You hit the lemure but do no damage.
Pikel seems less confused.
You hit the lemure.
The lemure is almost dead.
The lemure barely misses you.
You catch the helpless Pikel completely off-guard!
You hit Pikel.
You feel better.
Pikel is heavily wounded.
You hit Pikel but do no damage. Your bite misses Pikel.
Pikel is heavily wounded.
The lemure hits Pikel!
Pikel misses you.
You closely miss Pikel.
Pikel is severely wounded.
Pikel scowls and wipes his hands on his robe.
Pikel misses you.
You closely miss Pikel.
Pikel is severely wounded.
The lemure seems less confused.
Pikel closely misses you. The lemure misses you.
You strike the helpless Pikel from behind!
You hit Pikel.
Pikel is almost dead.
Pikel hits you with a +0 whip of electrocution!
* * * LOW HITPOINT WARNING * * *
You are electrocuted!
You die...
Pikel says, "See you in Hell!"

###########
#......55.#
#......@K.#
#.[..######
#>...#...)#
#....#.)⌠.#
#....'.⌠..#
#....#....#
#.K..######
#...K.....####
#.........##.#


You could see Pikel (unable to see you) and 2 lemures.

Vanquished Creatures
  An ogre (D:5)
  2 lemures (D:5)
  2 scorpions (D:5)
  A howler monkey (D:4)
  A bombardier beetle (D:3)
  An orc priest (D:3)
  A hound (D:2)
  An iguana (D:4)
  An orc wizard (D:3)
  3 gnolls
  7 adders
  4 ufetubi (D:5)
  3 dart slugs
  8 orcs
  6 endoplasms
  3 giant cockroaches
  6 goblins
  6 hobgoblins
  4 kobolds
  A quokka (D:1)
  8 ball pythons
  8 bats
  4 frilled lizards
  9 rats (D:1)
91 creatures vanquished.

Notes
Turn   | Place    | Note
-------+----------+-------------------------------------------
     0 | D:1      | Ashen the Gnoll Enchanter began the quest for the Orb.
     0 | D:1      | Reached XP level 1. HP: 13/13 MP: 6/6
   235 | D:1      | Reached XP level 2. HP: 17/19 MP: 7/7
  1040 | D:2      | Reached skill level 5 in Spellcasting
  1040 | D:2      | Reached XP level 3. HP: 22/25 MP: 7/9
  1089 | D:2      | Reached skill level 1 in Fighting
  1089 | D:2      | Reached skill level 1 in Long Blades
  1089 | D:2      | Reached skill level 1 in Axes
  1089 | D:2      | Reached skill level 1 in Maces & Flails
  1089 | D:2      | Reached skill level 1 in Polearms
  1089 | D:2      | Reached skill level 1 in Staves
  1089 | D:2      | Reached skill level 1 in Ranged Weapons
  1089 | D:2      | Reached skill level 1 in Throwing
  1089 | D:2      | Reached skill level 1 in Armour
  1089 | D:2      | Reached skill level 6 in Stealth
  1089 | D:2      | Reached skill level 1 in Shields
  1089 | D:2      | Reached skill level 1 in Unarmed Combat
  1089 | D:2      | Reached skill level 1 in Invocations
  1089 | D:2      | Reached skill level 1 in Evocations
  1248 | D:2      | Reached skill level 1 in Shapeshifting
  1248 | D:2      | Reached XP level 4. HP: 32/32 MP: 11/11
  1507 | D:2      | Learned a level 3 spell: Confusing Touch
  1510 | D:2      | Learned a level 2 spell: Ensorcelled Hibernation
  1514 | D:2      | Learned a level 3 spell: Tukima's Dance
  1518 | D:2      | Learned a level 3 spell: Dazzling Flash
  1774 | D:2      | Reached skill level 1 in Conjurations
  1774 | D:2      | Reached skill level 1 in Summonings
  1774 | D:2      | Reached skill level 1 in Necromancy
  1774 | D:2      | Reached skill level 1 in Translocations
  1774 | D:2      | Reached skill level 1 in Fire Magic
  1774 | D:2      | Reached skill level 1 in Ice Magic
  1774 | D:2      | Reached skill level 1 in Air Magic
  1774 | D:2      | Reached skill level 1 in Earth Magic
  1774 | D:2      | Reached skill level 1 in Alchemy
  2010 | D:3      | Reached XP level 5. HP: 36/37 MP: 9/12
  2355 | D:3      | Reached XP level 6. HP: 44/44 MP: 5/14
  2746 | D:4      | Found a glowing silver altar of Zin.
  2776 | D:4      | Reached skill level 5 in Dodging
  3040 | D:4      | Found a staircase to the Ecumenical Temple.
  3159 | Temple   | Entered the Ecumenical Temple
  3179 | Temple   | Became a worshipper of Uskayaw the Reveller
  3247 | D:4      | Reached * piety under Uskayaw
  3682 | D:5      | Entered Level 5 of the Dungeon
  3687 | D:5      | Found a sparkling altar of Nemelex Xobeh.
  3695 | D:5      | Reached ** piety under Uskayaw
  3758 | D:5      | Noticed Menkaure
  3801 | D:5      | Reached XP level 7. HP: 50/51 MP: 12/15
  3881 | D:5      | Noticed Pikel
  4225 | D:5      | Slain by Pikel

Illustrated notes

Levels and vault maps discovered:
D:1:      co_arrival_random_square_maze, layout_loops_corners,
          minmay_rat_gold_closets
D:2:      layout_basic, hangedman_decor_clover_reticule, st_stairs_2,
          kennysheep_donut
D:3:      layout_rooms
D:4:      minmay_evil_eye, layout_loops_ring, zin_scriptorium, temple_green
D:5:      layout_rooms, mainiacjoe_overflow_chevrons,
          kennysheep_generic_room_14, uniq_pikel, uniq_menkaure
D:6:      kennysheep_six_static_rooms, layout_basic,
          mainiacjoe_overflow_cross_hatched, ebering_ghost_inner_flame,
          nicolae_lava_and_water, grunt_ministairs_13, uniq_jeremiah,
          uniq_duvessa, uniq_prince_ribbit1, uniq_maggie
Temple:   dshaligram_water_room_temple

Skill      XL: |  1  2  3  4  5  6  7 |
---------------+----------------------+-----
Spellcasting   | 5 |  5.6
Fighting       | 1 2 |  2.5
Long Blades    | 1 2 |  2.5
Axes           | 1 2 |  2.5
Maces & Flails | 1 2 |  2.5
Polearms       | 1 2 |  2.5
Staves         | 1 2 |  2.5
Ranged Weapons | 1 2 |  2.5
Throwing       | 1 2 |  2.5
Armour         | 1 2 |  2.5
Stealth        | 6 |  6.5
Shields        | 1 2 |  2.5
Unarmed Combat | 1 2 |  2.5
Invocations    | 1 2 |  2.8
Evocations     | 1 2 |  2.5
Shapeshifting  | 1 2 |  2.3
Conjurations   | 1 2 |  2.0
Summonings     | 1 2 |  2.0
Necromancy     | 1 2 |  2.0
Translocations | 1 2 |  2.0
Fire Magic     | 1 2 |  2.0
Ice Magic      | 1 2 |  2.0
Air Magic      | 1 2 |  2.0
Earth Magic    | 1 2 |  2.0
Alchemy        | 1 2 |  2.0
Short Blades   | 3 |  3.6
Dodging        | 5 |  5.2
Hexes          | |  5.8

Action                     |  1- 3 |  4- 6 |  7- 9 || total
---------------------------+-------+-------+-------++-------
  Melee: Dagger            |    74 |    53 |       ||   127
         Bite              |     5 |    10 |     7 ||    22
         Punch             |     1 |       |     3 ||     4
         Short sword       |       |    35 |    48 ||    83
   Cast: Ensorcelled Hiber |       |    35 |     8 ||    43
         Confusing Touch   |       |     3 |     5 ||     8
 Invoke: Line Pass         |       |       |     1 ||     1
    Use: Potion            |       |       |     1 ||     1
   Stab: Sleeping          |    16 |    39 |     6 ||    61
         Distracted        |       |     1 |       ||     1
         Confused          |       |     3 |     3 ||     6
         Invisible         |       |       |     3 ||     3
 Armour: Robe              |    27 |    22 |    29 ||    78
  Dodge: Dodged            |    47 |    34 |    70 ||   151
